 Dungeon Sprint DCSS version 0.17-a0-1651-gae1a69f (webtiles) character file.

201 nuthulu the Covert (level 5, 0/29 HPs)
             Began as a Spriggan Enchanter on Aug 14, 2015.
             Was an Initiate of Dithmenos.
             Slain by a merfolk
             ... wielding a +0 trident
              (16 damage)
             ... in the Dungeon (Sprint V: "Ziggurat Sprint").
             The game lasted 00:01:44 (203 turns).

nuthulu the Covert (Spriggan Enchanter)              Turns: 203, Time: 00:01:44

Health: 0/29       AC:  3    Str: 10    XL:     5   Next: 50%
Magic:  6/15       EV: 22    Int: 23    God:    Dithmenos [......]
Gold:   0          SH:  0    Dex: 17    Spells: 6 memorised, 1 level left

rFire  . . .     SeeInvis +     I - +5 rapier (pierce)
rCold  . . .     Clarity  .     b - +1 robe
rNeg   . . .     SustAt   .     (shield restricted)
rPois  .         Gourm    .     (helmet restricted)
rElec  .         Spirit   .     (no cloak)
rCorr  .         Warding  .     (gloves unavailable)
rMut   .         NoTele   +     (boots unavailable)
MR     .....                    (no amulet)
Stlth  +++++.....               E - +6 ring of intelligence
                                G - +6 ring of strength

@: very quick, not resistant to hostile enchantments, quite stealthy
A: unfitting armour, see invisible, herbivore 3, speed 3, slow metabolism 2
a: Renounce Religion


You were in the Dungeon.
You worshipped Dithmenos.
Dithmenos was noncommittal.
You were not hungry.

You visited 1 branch

Inventory:

Hand weapons
 a - a +1 dagger
 I - a +5 rapier of piercing (weapon)
Armour
 b - a +1 robe (worn)
Jewellery
 C - a +6 ring of dexterity
 D - a +6 ring of dexterity
 E - a +6 ring of intelligence (right hand)
 F - a +6 ring of intelligence
 G - a +6 ring of strength (left hand)
 H - a +6 ring of strength
Magical devices
 y - a wand of disintegration (7)
 z - a wand of fire (5)
 A - a wand of cold (5)
 B - a wand of draining (5)
Scrolls
 j - 4 scrolls of blinking
 q - 4 scrolls of amnesia
 r - 3 scrolls of recharging
 s - 7 scrolls of fog
 t - a scroll of holy word
 u - 5 scrolls of identify
 v - 5 scrolls of remove curse
 w - 2 scrolls of fear
Potions
 e - 10 potions of curing
 f - 10 potions of heal wounds
 g - 6 potions of haste
 h - 7 potions of magic
 i - 3 potions of berserk rage
 k - 2 potions of brilliance
 l - 2 potions of invisibility
 m - 4 potions of resistance
 o - 5 potions of agility
 p - 5 potions of might
Books
 c - a book of Maledictions

   Spells                             Type                      Level
   a - Corona                         Hexes                        1
   b - Ensorcelled Hibernation        Hexes/Ice                    2
   c - Confuse                        Hexes                        3
   d - Tukima's Dance                 Hexes                        3
   e - Dazzling Spray                 Conjuration/Hexes            3
 n - a book of Summonings

   Spells                             Type                      Level
   a - Recall                         Summoning/Translocation      3
   b - Aura of Abjuration             Summoning                    5
   c - Shadow Creatures               Summoning                    5
   d - Summon Demon                   Summoning                    5
   e - Summon Forest                  Summoning/Translocation      5
   f - Summon Mana Viper              Hexes/Summoning              5
Comestibles
 d - 5 bread rations
 x - 42 fruits


   Skills:
 + Level 4.3 Fighting
 + Level 4.2 Short Blades
 + Level 6.3 Dodging
 + Level 9.5 Stealth
 + Level 7.0 Spellcasting
 + Level 7.5 Hexes
 + Level 0.0 Summonings


You had one spell level left.
You knew the following spells:

 Your Spells              Type           Power        Failure   Level  Hunger
a - Corona                Hex            #####..      1%          1    None
b - Ensorcelled Hibernat  Hex/Ice        ####..       2%          2    None
c - Tukima's Dance        Hex            #####...     1%          3    None
d - Dazzling Spray        Conj/Hex       ####....     6%          3    None
e - Confuse               Hex            #####...     1%          3    None
f - Summon Mana Viper     Hex/Summ       ####....     45%         5    #####..


Dungeon Overview and Level Annotations

Branches:
Dungeon (1/1)

Altars:
Ashenzari
Cheibriados
Dithmenos
Elyvilon
Fedhas
Gozag
Kikubaaqudgha
Makhleb
Nemelex Xobeh
Okawaru
Qazlal
Ru
Sif Muna
Trog
Vehumet
Xom
Yredelemnul
Zin
The Shining One
Beogh
Jiyva
Lugonu


Innate Abilities, Weirdness & Mutations

You are tiny and cannot use many weapons and most armour.
You have supernaturally acute eyesight.
You are a herbivore.
You cover ground extremely quickly.
You need consume almost no food.


Message History

Your trident hits the merfolk. The merfolk hits you!
Casting: Tukima's Dance
Confirm with . or Enter, or press ? or * to list all spells.
Aiming: Tukima's Dance
Press: ? - help, Shift-Dir - straight line, f - trident, p - merfolk
Aim: a trident (friendly, magic immune)
Okay, then.
The merfolk misses you.
Your trident hits the merfolk.
The merfolk hits your trident with a +2 trident of venom!
Casting: Tukima's Dance
Confirm with . or Enter, or press ? or * to list all spells.
Aiming: Tukima's Dance
Press: ? - help, Shift-Dir - straight line, f/p - merfolk
Aim: a merfolk, wielding a trident (chance to defeat MR: 80%)
The merfolk barely resists.
The merfolk hits your trident but does no damage.
Your trident hits the merfolk!
The merfolk hits you from afar with a trident!
Ouch! That really hurt!
You die...

▓▓▓▓▓▓▓▓▓▓▓▓▓
▓.8©8.▓.8©8.▓
▓.)||.▓.....▓
▓.....▓.....▓
▓..m..▓..†..▓
▓..m(.▓..†..▓
▓..m..▓.....▓
▓....@▓▓▓▓▓▓▓
▓▓▓▓▓▓▓


You could see 3 merfolk and a friendly trident.

Vanquished Creatures
  A tarantella (D)
  A scorpion (D)
2 creatures vanquished.

Notes
Turn   | Place    | Note
--------------------------------------------------------------
     0 | D        | nuthulu the Spriggan Enchanter began the quest for the Orb.
     0 | D        | Reached XP level 1. HP: 9/9 MP: 5/5
     0 | D        | Found a roughly hewn altar of Beogh.
     0 | D        | Found a corrupted altar of Lugonu.
     0 | D        | Found a viscous altar of Jiyva.
     0 | D        | Found a white marble altar of Elyvilon.
     0 | D        | Found a sparkling altar of Nemelex Xobeh.
     0 | D        | Found a burning altar of Makhleb.
     0 | D        | Found an iron altar of Okawaru.
     0 | D        | Found a deep blue altar of Sif Muna.
     0 | D        | Found a radiant altar of Vehumet.
     0 | D        | Found a bloodstained altar of Trog.
     0 | D        | Found a shimmering altar of Xom.
    36 | D        | Became a worshipper of Dithmenos the Shadowed
    37 | D        | Reached skill level 7 in Stealth
    37 | D        | Reached skill level 5 in Spellcasting
    37 | D        | Reached skill level 5 in Hexes
    37 | D        | Reached XP level 2. HP: 13/16 MP: 6/9
    41 | D        | Learned a level 2 spell: Ensorcelled Hibernation
   101 | D        | Entered arena 1.
   101 | D        | Noticed a scorpion
   101 | D        | Noticed a tarantella
   104 | D        | Killed a scorpion
   104 | D        | Reached skill level 8 in Stealth
   104 | D        | Reached XP level 3. HP: 20/20 MP: 6/11
   108 | D        | Killed a tarantella
   108 | D        | Reached skill level 9 in Stealth
   108 | D        | Reached XP level 4. HP: 23/25 MP: 5/14
   108 | D        | Reached XP level 5. HP: 26/29 MP: 5/15
   181 | D        | Learned a level 3 spell: Tukima's Dance
   185 | D        | Learned a level 3 spell: Dazzling Spray
   189 | D        | Learned a level 3 spell: Confuse
   195 | D        | Learned a level 5 spell: Summon Mana Viper
   196 | D        | Entered arena 2.
   196 | D        | Noticed a merfolk
   196 | D        | Noticed a merfolk
   196 | D        | Noticed a merfolk
   203 | D        | Slain by a merfolk

Vault maps used:
D:        sprint_v

Action                   |  1- 3 |  4- 6 || total
-------------------------+-------+-------++-------
Melee: Rapier            |     3 |       ||     3
 Cast: Ensorcelled Hiber |     2 |       ||     2
       Corona            |     1 |       ||     1
       Tukima's Dance    |       |     3 ||     3
  Use: Potion            |     1 |       ||     1
       Scroll            |       |     1 ||     1
 Stab: Sleeping          |     2 |       ||     2
